 Dungeon Crawl Stone Soup version 0.22.0 (webtiles) character file.

191 Blackhawk the Ruffian (level 5, -1/42 HPs)
             Began as a Draconian Transmuter on Oct 21, 2018.
             Was an Initiate of Okawaru.
             Slain by Purgy (2 damage)
             ... on level 3 of the Dungeon.
             The game lasted 00:05:36 (2760 turns).

Blackhawk the Ruffian (Draconian Transmuter)        Turns: 2760, Time: 00:05:37

Health: -1/42      AC:  5    Str: 13    XL:     5   Next: 42%
Magic:  9/9        EV: 12    Int: 14    God:    Okawaru [......]
Gold:   110        SH:  0    Dex: 11    Spells: 8/9 levels left

rFire    . . .     SeeInvis .     - Unarmed
rCold    . . .     Gourm    .   (no shield)
rNeg     . . .     Faith    .   (armour unavailable)
rPois    .         Spirit   .   (helmet restricted)
rElec    .         Reflect  .   (no cloak)
rCorr    .         Harm     .   (no gloves)
MR       .....                  (no boots)
Stlth    +.........             (no amulet)
HPRegen  0.14/turn              (no ring)
MPRegen  0.11/turn              (no ring)

@: no status effects
A: unfitting armour, cold-blooded, AC +5
a: Renounce Religion


You were on level 3 of the Dungeon.
You worshipped Okawaru.
Okawaru was noncommittal.
You were not hungry.

You visited 1 branch of the dungeon, and saw 3 of its levels.

You collected 110 gold pieces.

Inventory:

Missiles
 a - 51 arrows
 j - 2 tomahawks
 k - 8 tomahawks of returning (quivered)
 r - 2 silver javelins
Armour
 i - a +0 robe
Jewellery
 s - an uncursed ring of flight {unknown}
Scrolls
 b - a scroll of teleportation {unknown}
 d - 2 scrolls of amnesia {unknown}
 e - a scroll of enchant weapon {unknown}
 g - a scroll of fear {unknown}
 h - a scroll of enchant armour {unknown}
 n - 2 scrolls of magic mapping {unknown}
 o - 5 scrolls of identify {unknown}
 p - a scroll of blinking {unknown}
Potions
 f - a potion of resistance {unknown}
 l - a potion of flight {unknown}
 m - a potion of heal wounds {unknown}
Comestibles
 c - 6 rations
 q - 4 chunks of flesh


   Skills:
 + Level 2.6 Fighting
 + Level 2.7 Dodging
 + Level 3.8 Unarmed Combat
 + Level 2.9 Spellcasting
 + Level 3.0 Transmutations


You had 8 spell levels left.
You knew the following spells:

 Your Spells              Type           Power        Failure   Level  Hunger
a - Beastly Appendage     Tmut           ##....       6%          1    #......

Your spell library contained the following spells:

 Spells                   Type           Power        Failure   Level  Hunger
 Spider Form              Tmut/Pois      #.........   34%         3    ###....
 Blade Hands              Tmut           ##........   86%         5    ######.
 Ice Form                 Ice/Tmut       #.......     75%         4    #####..
 Sticks to Snakes         Tmut           ##......     10%         2    ##.....


Dungeon Overview and Level Annotations

Branches:
Dungeon (3/15)

Altars:
Ashenzari
Okawaru

Annotations:
D:3 Purgy


Innate Abilities, Weirdness & Mutations

Your plain brown scales are hard. (AC +5)
You cannot fit into any form of body armour.
You are cold-blooded and may be slowed by cold attacks.


Message History

* * * LOW HITPOINT WARNING * * *
Purgy claws you.
* * * LOW HITPOINT WARNING * * *
Purgy claws you but does no damage.
You hit Purgy.
Purgy is moderately wounded.
Purgy bites you.
* * * LOW HITPOINT WARNING * * *
Purgy barely misses you. Purgy claws you but does no damage.
You barely miss Purgy.
Your tail-slap misses Purgy.
Purgy is moderately wounded.
You closely miss Purgy.
Purgy is moderately wounded.
Purgy bites you.
* * * LOW HITPOINT WARNING * * *
Purgy claws you but does no damage. Purgy misses you.
You hit Purgy.
Purgy is moderately wounded.
Purgy bites you.
You die...

# ##...
#.##...#######
...'.........
#......# ### #......#
#<# . #...##.###.#
..##+###...##.)...#
.....[.....########.#
#.........ShT@......#
#.......########.####
####......# .#
####.#.# .. #+#+# #..
... ... ..... ....
....... ....#
........#


You could see Purgy, an adder and a jackal.

Vanquished Creatures
  A centaur (D:2)
  Jessica (D:2)
  3 adders (D:2)
  A worm (D:2)
  3 dart slugs
  A leopard gecko (D:1)
  An orc (D:3)
  2 goblins (D:1)
  6 hobgoblins
  7 jackals (D:1)
  A quokka (D:3)
  8 bats
  5 frilled lizards
  7 kobolds
  6 rats
53 creatures vanquished.

Notes
Turn   | Place    | Note
-------+----------+-------------------------------------------
     0 | D:1      | Blackhawk the Draconian Transmuter began the quest for the Orb.
     0 | D:1      | Reached XP level 1. HP: 16/16 MP: 3/3
   116 | D:1      | Reached XP level 2. HP: 19/23 MP: 5/5
   196 | D:1      | Found a shattered altar of Ashenzari.
   984 | D:1      | Reached XP level 3. HP: 24/29 MP: 6/6
  1675 | D:2      | Reached XP level 4. HP: 35/36 MP: 7/7
  1727 | D:2      | Noticed Jessica
  1734 | D:2      | Killed Jessica
  1851 | D:2      | Noticed a centaur
  1864 | D:2      | HP: 1/36 [centaur (2)]
  1877 | D:2      | Killed a centaur
  1877 | D:2      | Reached XP level 5. HP: 11/42 MP: 7/9
  2182 | D:2      | Found an iron altar of Okawaru.
  2197 | D:2      | Became a worshipper of Warmaster Okawaru
  2732 | D:3      | Noticed Purgy
  2759 | D:3      | HP: 1/42 [Purgy (4)]
  2760 | D:3      | Slain by Purgy

Skill      XL: |  1  2  3  4 |
---------------+-------------+-----
Dodging        | 2 |  2.7
Fighting       | 2 |  2.6
Transmutations | 3 |  3.0
Unarmed Combat | |  3.8
Spellcasting   | |  2.9

Action                   |  1- 3 |  4- 6 || total
-------------------------+-------+-------++-------
Melee: Unarmed           |   176 |    78 ||   254
       Tailslap          |    21 |    13 ||    34
       Punch             |     2 |     1 ||     3
  Use: Potion            |       |     4 ||     4
 Stab: Sleeping          |     1 |       ||     1
  Eat: Chunk             |     3 |     3 ||     6
Armor: Skin              |    64 |    20 ||    84
Dodge: Dodged            |   103 |    58 ||   161
